 Dungeon Crawl Stone Soup version 0.29.1-2-gbd0b4ee654 (webtiles) character file.

Game seed: 16597116448708877890

420 Icepheonix32 the Trooper (level 6, -2/56 HPs)
             Began as a Minotaur Fighter on Oct 24, 2022.
             Slain by a lemure (3 damage)
             ... led by Pikel
             ... on level 4 of the Dungeon.
             The game lasted 00:06:28 (3671 turns).

Icepheonix32 the Trooper (Minotaur Fighter)         Turns: 3671, Time: 00:06:29

Health: -2/56      AC: 10    Str: 21    XL:     6   Next: 62%
Magic:  5/5        EV:  9    Int: 14    God:
Gold:   47         SH:  4    Dex:  9    Spells: 5/5 levels left

rFire   . . .      SeeInvis .   a - +0 war axe
rCold   . . .      Faith    .   c - +0 buckler
rNeg    . . .      Spirit   .   p - +2 scale mail {rPois}
rPois   +          Reflect  .   (helmet restricted)
rElec   .          Harm     .   (no cloak)
rCorr   .          Rampage  .   v - +0 pair of gloves
Will    +....                   (no boots)
Stlth   ..........              (no amulet)
HPRegen 0.18/turn               k - ring of flight
MPRegen 0.09/turn               w - ring of Galaunot {Will+ Int+7}

@: flying
A: horns 2, retaliatory headbutt
a: no special abilities


You were on level 4 of the Dungeon.
You visited 1 branch of the dungeon, and saw 4 of its levels.

You collected 132 gold pieces.
You spent 85 gold pieces at shops.

Inventory:

Hand Weapons
 a - a +0 war axe (weapon)
Armour
 b - a +0 scale mail
 c - a +0 buckler (worn)
 p - a +2 scale mail of poison resistance (worn)
 v - a +0 pair of gloves (worn)
Jewellery
 k - a ring of flight (left hand)
 w - the ring of Galaunot (right hand) {Will+ Int+7}
   (You bought it in a shop on level 1 of the Dungeon)

   [ring of willpower]

   Int:       It affects your intelligence (+7).
   Will:      It increases your willpower.
Wands
 q - a wand of polymorph (7)
Scrolls
 e - 3 scrolls of teleportation
 f - a scroll of fear {unknown}
 i - 4 scrolls of identify
 j - a scroll of enchant armour {unknown}
 m - 2 scrolls of poison {unknown}
 n - a scroll of blinking {unknown}
 o - a scroll of noise {unknown}
 r - a scroll of butterflies {unknown}
 u - a scroll of magic mapping {unknown}
Potions
 d - a potion of might
 g - a potion of attraction
 h - a potion of lignification
 l - 2 potions of invisibility {unknown}
 s - a potion of curing {unknown}
 t - a potion of degeneration {unknown}


   Skills:
 * Level 5.4 Fighting
 + Level 5.4 Axes
 + Level 4.5 Armour
 + Level 1.5 Dodging
 + Level 0.7 Stealth
 + Level 5.1 Shields


You had 5 spell levels left.
You didn't know any spells.
Your spell library contained the following spells:

 Spells                   Type           Power      Damage    Failure   Level
 Blink                    Tloc           0%         N/A       83%         2
 Portal Projectile        Hex/Tloc       0%         N/A       96%         3
 Tukima's Dance           Hex            0%         N/A       96%         3
 Blade Hands              Tmut           0%         N/A       100%        5
 Manifold Assault         Tloc           0%         N/A       100%        5
 Storm Form               Tmut/Air       0%         N/A       100%        7


Dungeon Overview and Level Annotations

Branches:
Dungeon (4/15)
 Temple: D:4-7

Altars:
Trog

Shops:
D:1 *   D:2 [

Annotations:
D:3 1 runed translucent door, Crazy Yiuf
D:4 Pikel


Innate Abilities, Weirdness & Mutations

You have a pair of horns on your head.
You reflexively headbutt those who attack you in melee.


Message History

You barely miss the lemure. You completely miss the lemure.
You closely miss the lemure. You barely miss the lemure.
Pikel hits you with a +1 whip of flaming!
Pikel burns you. The lemure closely misses you. x2
The lemure barely misses you. You furiously retaliate!
You headbutt the lemure, but do no damage.
The lemure hits you but does no damage.
You slash Pikel! Your headbutt misses Pikel.
Pikel is lightly wounded.
You hit the lemure. You closely miss the lemure.
You hit the lemure but do no damage. You slash the lemure!
The lemure hits you but does no damage. You block Pikel's attack.
The lemure barely misses you. You furiously retaliate!
You headbutt the lemure. The lemure hits you. The lemure barely misses you.
You hit Pikel. You headbutt Pikel!
Pikel is heavily wounded.
You hit the lemure. You barely miss the lemure. You closely miss the lemure.
You slash the lemure! The lemure hits you.
Pikel hits you with a +1 whip of flaming.
Pikel burns you.
* * * LOW HITPOINT WARNING * * *
The lemure hits you but does no damage. You block the lemure's attack.
The lemure hits you.
* * * LOW HITPOINT WARNING * * *
Unknown command.
You hit Pikel but do no damage. Your headbutt misses Pikel.
Pikel is heavily wounded.
You hit the lemure.
You kill the lemure!
That felt strangely unrewarding.
You barely miss the lemure. You closely miss the lemure.
You hit the lemure but do no damage.
Pikel hits you with a +1 whip of flaming!
* * * LOW HITPOINT WARNING * * *
Pikel burns you.
* * * LOW HITPOINT WARNING * * *
The lemure hits you.
* * * LOW HITPOINT WARNING * * *
The lemure closely misses you. The lemure hits you but does no damage.
The lemure closely misses you. The lemure hits you.
You die...

##+##
##...##
##.....##
##...5..<##
#....K@...#
+....5.5..+
#.........#
##...^..?##
##.....##
##...##
##+##


You could see Pikel and 3 lemures.

Vanquished Creatures
  Grinder (D:3)
  A lemure (D:4)
  Jessica (D:2)
  2 orc wizards
  Robin (D:3)
  2 adders (D:2)
  3 worms
  2 dart slugs
  13 orcs
  4 bats
  5 endoplasms (D:1)
  11 goblins
  13 hobgoblins
  3 jackals (D:1)
  5 quokkas
  6 ball pythons
  3 frilled lizards
  9 kobolds
  9 rats
94 creatures vanquished.

Notes
Turn   | Place    | Note
-------+----------+-------------------------------------------
     0 | D:1      | Icepheonix32 the Minotaur Fighter began the quest for the
                  | Orb.
     0 | D:1      | Reached XP level 1. HP: 19/19 MP: 0/0
   132 | D:1      | Reached XP level 2. HP: 10/27 MP: 1/1
   397 | D:1      | Found Eshac's Assorted Antiques.
   536 | D:1      | Reached XP level 3. HP: 33/34 MP: 2/2
  1075 | D:2      | Noticed Jessica
  1081 | D:2      | Killed Jessica
  1082 | D:2      | Reached XP level 4. HP: 41/41 MP: 3/3
  1654 | D:2      | Found a faded altar of an unknown god.
  1795 | D:2      | Found Pupli's Antique Armour Boutique.
  1946 | D:2      | Reached XP level 5. HP: 47/47 MP: 4/4
  2081 | D:3      | Identified the +1 helmet "Dousmec" {Str+2}
  2081 | D:3      | Noticed Robin
  2091 | D:3      | Killed Robin
  2414 | D:3      | Reached skill level 5 in Fighting
  2420 | D:3      | Reached skill level 1 in Dodging
  2739 | D:3      | Found a bloodstained altar of Trog.
  2868 | D:3      | Found a runed translucent door.
  2869 | D:3      | Noticed Crazy Yiuf
  3063 | D:3      | Noticed Grinder
  3072 | D:3      | Killed Grinder
  3073 | D:3      | Reached skill level 5 in Axes
  3073 | D:3      | Reached skill level 5 in Shields
  3073 | D:3      | Reached XP level 6. HP: 37/56 MP: 5/5
  3620 | D:1      | Bought a steaming granite ring for 85 gold pieces
  3620 | D:1      | Identified the ring of Galaunot {Will+ Int+7} (You bought
                  | it in a shop on level 1 of the Dungeon)
  3661 | D:4      | Noticed Pikel
  3671 | D:4      | HP: 2/56 [Pikel/+1 whip of flaming (4)]
  3671 | D:4      | Slain by a lemure

Illustrated notes

Levels and vault maps discovered:
D:1:      elethiomel_arrival_quiet, layout_basic, serial_shops,
          nicolae_diamond_shop, chequers_serial_rivers_small_a, hex_medium
D:2:      layout_basic, serial_shops, shop,
          hellmonk_ecumenical_altar_arch_garden, roderic_lattice_a, uniq_jessica
D:3:      layout_basic, trog_butcher_becter, uniq_crazy_yiuf_cottage,
          uniq_grinder, uniq_robin
D:4:      layout_loops_corners, fountainhead, uniq_pikel

Skill      XL: |  1  2  3  4  5 |
---------------+----------------+-----
Fighting       | 4 5 |  5.4
Shields        | 4 5 |  5.1
Axes           | 3 4 5 |  5.4
Armour         | 4 |  4.5
Dodging        | 1 |  1.5
Stealth        | |  0.7

Action                   |  1- 3 |  4- 6 || total
-------------------------+-------+-------++-------
Melee: War axe           |    69 |   145 ||   214
       Headbutt          |     6 |    22 ||    28
  Use: Scroll            |     3 |       ||     3
Armor: Scale mail        |    27 |    83 ||   110
Dodge: Dodged            |    35 |    76 ||   111
Block: Buckler           |    18 |    30 ||    48
